 Dungeon Crawl Stone Soup version 0.32-a0-913-g739538afd8 (webtiles) character file.

Game seed: 1096594152305809781

45680 pokeman the Sorcerer (level 14, 0/80 HPs)
             Began as a Deep Elf Hedge Wizard on Apr 8, 2024.
             Was a High Priest of Vehumet.
             Slain by a cane toad (7 damage)
             ... on level 1 of the Lair of Beasts.
             The game lasted 00:49:35 (19733 turns).

pokeman the Sorcerer (Deep Elf Hedge Wizard)       Turns: 19733, Time: 00:49:36

Health: 0/80       AC: 16    Str:  7    XL:     14   Next: 2%
Magic:  33/41      EV: 12    Int: 25    God:    Vehumet [*****.]
Gold:   1456       SH:  0    Dex: 14    Spells: 26/55 levels left

rFire   + . .        N - staff of fire
rCold   . . .        (no shield)
rNeg    . . .        z - +0 steam dragon scales
rPois   .            c - +0 hat
rElec   .            R - +0 cloak
rCorr   .            g - +0 pair of gloves
SInv    .            t - +2 pair of boots
Will    +....        (no amulet)
Stlth   ++           B - ring of wizardry
HPRegen 0.33/turn    J - +4 ring of protection
MPRegen 0.27/turn

%: wizardry (x1)
@: lethally poisoned (0 -> -22), slowed, very slow
A: no striking features
a: Renounce Religion


You were on level 1 of the Lair of Beasts.
You worshipped Vehumet.
Vehumet was extremely pleased with you.
You visited 3 branches of the dungeon, and saw 17 of its levels.
You also visited: Bailey.

You collected 1977 gold pieces.
You spent 521 gold pieces at shops.

Inventory:

Hand Weapons
 n - a +0 demon whip of venom
Missiles
 v - 5 curare-tipped darts
 O - a throwing net
Armour
 c - a +0 hat (worn)
 g - a +0 pair of gloves (worn)
 h - +0 ice dragon scales
 q - a +1 ring mail of fire resistance
 t - a +2 pair of boots (worn)
 z - +0 steam dragon scales (worn)
 R - a +0 cloak (worn)
 X - a +2 robe of cold resistance
Magical Staves
 N - a staff of fire (weapon)
 Y - a staff of cold
Jewellery
 e - an amulet of guardian spirit
 f - a ring of resist corrosion
 i - a ring of protection from fire
 k - a ring of see invisible
 B - a ring of wizardry (left hand)
 H - a ring of protection from fire
 J - a +4 ring of protection (right hand)
Wands
 m - a wand of flame (10)
 r - a wand of iceblast (7)
 C - a wand of quicksilver (3)
 F - a wand of paralysis (19)
 T - a wand of digging (4)
Scrolls
 b - a scroll of vulnerability
 j - a scroll of amnesia
 l - 2 scrolls of summoning {unknown}
 u - 4 scrolls of revelation
 y - 11 scrolls of teleportation
 K - 2 scrolls of blinking
 S - 2 scrolls of enchant weapon
 U - a scroll of fog {unknown}
 V - 2 scrolls of immolation {unknown}
Potions
 a - 5 potions of heal wounds
 d - a potion of magic
 o - a potion of attraction {unknown}
 p - a potion of mutation {unknown}
 s - a potion of berserk rage {unknown}
 w - 5 potions of curing
 x - 4 potions of invisibility {unknown}
 A - a potion of haste {unknown}
 G - a potion of cancellation {unknown}
 I - 3 potions of brilliance {unknown}
 P - a potion of might {unknown}


   Skills:
 - Level 6.0 Fighting
 + Level 7.2 Armour
 - Level 3.1 Dodging
 - Level 3.0 Stealth
 - Level 2.0 Shields
 * Level 21.0 Spellcasting
 - Level 10.0 Conjurations
 - Level 1.1 Summonings
 - Level 1.1 Translocations
 - Level 1.0 Fire Magic
 + Level 11.7 Ice Magic
 - Level 1.2 Air Magic
 - Level 1.2 Alchemy
 - Level 1.1 Evocations


You had 26 spell levels left.
You knew the following spells:

 Your Spells              Type           Power      Damage    Failure   Level
a - Magic Dart            Conj           100%       1d8       0%          1
b - Mephitic Cloud        Conj/Alch/Air  47%        N/A       1%          3
c - Call Imp              Summ           62%        N/A       1%          2
d - Blink                 Tloc           62%        N/A       1%          2
e - Foxfire               Conj/Fire      100%       2x1d9     1%          1
f - Hailstorm             Conj/Ice       69%        3d12      1%          3
g - Iskenderun's Battles  Conj           67%        2d12      1%          5
h - Orb of Destruction    Conj           33%        9d10      2%          7
i - Freezing Cloud        Conj/Ice/Air   29%        6-21      1%          5

Your spell library contained the following spells:

 Spells                   Type           Power      Damage    Failure   Level
 Iskenderun's Mystic Bla  Conj/Tloc      53%        2d11      (+2d61%     4
 Freeze                   Ice            100%       1d10      0%          1
 Slow                     Hex            100%       N/A       1%          1
 Cigotuvi's Dreadful Rot  Necr/Alch/Air  60%        N/A       1%          2
 Lesser Beckoning         Tloc           62%        N/A       1%          2
 Momentum Strike          Conj/Tloc      100%       3d10      1%          2
 Searing Ray              Conj           100%       2d8       1%          2
 Frozen Ramparts          Ice            100%       1d16      1%          3
 Fugue of the Fallen      Necr           26%        N/A       1%          3
 Ozocubu's Armour         Ice            71%        N/A       1%          3
 Summon Ice Beast         Ice/Summ       55%        N/A       1%          3
 Tukima's Dance           Hex            26%        N/A       1%          3
 Brom's Barrelling Bould  Conj/Erth      51%        2d7       1%          4
 Fulminant Prism          Conj/Alch      26%        3d14      1%          4
 Arcjolt                  Conj/Air       26%        1d36      1%          5
 Fireball                 Conj/Fire      34%        3d14      1%          5
 Conjure Ball Lightning   Conj/Air       26%        3x3d7     2%          6
 Permafrost Eruption      Ice/Erth       26%        2x4d7     2%          6
 Passage of Golubria      Tloc           31%        N/A       4%          4
 Yara's Violent Unravell  Hex/Alch       14%        3d7       4%          5
 Martyr's Knell           Necr/Summ      29%        N/A       5%          4
 Sculpt Simulacrum        Ice/Alch       28%        N/A       7%          6
 Manifold Assault         Tloc           15%        N/A       96%         7


Dungeon Overview and Level Annotations

Branches:
Dungeon (15/15)            Temple (1/1) D:4            Lair (1/5) D:10
    Orc (0/2) D:12         Vaults (0/5) D:14         Bailey (visited)
 Depths: D:15

Altars:
Ashenzari
Cheibriados
Dithmenos
Elyvilon
Fedhas
Gozag
Hepliaklqana
Kikubaaqudgha
Makhleb
Nemelex Xobeh
Okawaru
Qazlal
Ru
Sif Muna
Trog
Uskayaw
Vehumet
Wu Jian
Xom
Yredelemnul
Zin
The Shining One

Shops:
D:5 (   D:7 !   D:9 ?   D:11 *


Message History

The cane toad poisons you!
The torpor snail is engulfed in freezing vapours.
The dream sheep ruffles its wool and motes of dream dust sparkle, to no effect.
Unknown command.
You feel extremely sick.
The cane toad stings you but does no damage.
You see here a scroll of blinking.
Unknown command.
Casting: Freezing Cloud (mildly dangerous; 1% risk of failure)
Confirm with . or Enter, or press ? or * to list all spells.
Aiming: Freezing Cloud (mildly dangerous; 1% risk of failure)
Press: ? - help, Dir - move target, f/p - torpor snail
Aim: a torpor snail (severely wounded)
You are engulfed in freezing vapours.
You feel very sick.
The bullfrog is engulfed in freezing vapours.
The bullfrog seems to slow down.
You kill the bullfrog!
Vehumet accepts your kill.
You feel your power returning.
The cane toad is engulfed in freezing vapours. x2
The cane toad seems to slow down.
The cane toad stings you!!
* * * LOW HITPOINT WARNING * * *
You are lethally poisoned!
The cane toad poisons you!
The cane toad is engulfed in freezing vapours.
The cane toad seems to slow down.
The cane toad stings you but does no damage.
The cane toad is engulfed in freezing vapours.
You kill the cane toad!
Vehumet accepts your kill.
You feel your power returning.
* * * LOW HITPOINT WARNING * * *
You feel extremely sick.
The torpor snail is engulfed in freezing vapours.
The cane toad is engulfed in freezing vapours.
The cane toad seems to slow down.
The cane toad attacks as it pursues you!
The cane toad stings you!
You die...

##.........# #......
###...##P..#####......
###.#####.....##......
....## #.....#...# .....#
#....#....# #....##
#....#...##
......##......>.ß#
..###...#........##
###.##.......##.@F## .#
#....#.......>#..w§##.ß.##
..#..#..P.....##.§§§!Y...#
.##..#..#......##§§§§§....
#.####.#.(#.###..#.☼§§§§..
....#..#P..## #...#§☼§§§..
...#......## #... #§§§§.#
..........# #... #§ß§#.
.÷.÷.###..# #..# +#+#


You could see a torpor snail, a cane toad (slow) and a dream sheep.

Vanquished Creatures
  Frances (D:12)
  Kirke (D:12)
  An ironbound preserver (D:14)
  Snorg (D:10)
  Josephine (D:12)
  2 hydras
  A catoblepas (D:14)
  Fannar (D:12)
  An ice dragon (D:13)
  3 centaur warriors
  A two-headed ogre (D:14)
  A boulder beetle (D:12)
  2 tengu warriors
  Sonja (D:11)
  Amaemon (Lair:1)
  5 skeletal warriors (D:12)
  Lodul (D:10)
  A glowing orange brain (D:14)
  Pikel (D:4)
  An orc knight (Bailey)
  2 deep elf pyromancers (D:12)
  5 ugly things (D:14)
  A meliai (shapeshifter) (D:14)
  2 molten gargoyles (D:14)
  Joseph (D:8)
  3 cane toads (Lair:1)
  An orange demon (Lair:1)
  A black mamba (Lair:1)
  A gargoyle (D:13)
  Jeremiah (D:7)
  An unseen horror (D:13)
  A freezing wraith (D:14)
  6 komodo dragons
  5 trolls
  A polar bear (shapeshifter) (D:14)
  Prince Ribbit (D:6)
  3 hornets
  A dream sheep (Lair:1)
  Sigmund (D:5)
  11 slime creatures
  7 wraiths
  A shadow (D:9)
  5 wyverns
  26 yaks (D:10)
  6 hogs (D:12)
  2 basilisks (D:10)
  A steam dragon (D:7)
  A warg (D:12)
  2 fire elementals (D:14)
  2 humans (D:12)
  4 vampire mosquitoes (D:10)
  Edmund (D:4)
  3 acid dragons
  2 water moccasins
  A swamp drake (D:10)
  2 sky beasts
  3 ice beasts
  5 black bears
  10 ogres
  11 orc warriors
  6 wolves (Lair:1)
  3 boggarts (D:15)
  6 centaurs
  3 lemures (D:4)
  2 phantoms (D:6)
  2 kobold brigands (D:7)
  A bullfrog (shapeshifter) (D:15)
  4 bullfrogs
  7 scorpions
  13 wights
  5 killer bees
  4 howler monkeys
  A lava snake (D:14)
  2 hounds
  4 jellies
  5 orc priests
  A sleepcap (D:7)
  Jessica (D:3)
  2 iguanas (D:4)
  13 orc wizards
  Natasha (thrice) (D:4)
  4 gnolls (D:4)
  8 adders
  2 white imps
  2 ufetubi (D:7)
  5 dart slugs
  4 ribbon worms
  48 orcs
  9 endoplasms
  4 giant cockroaches
  8 hobgoblins
  2 jackals (D:2)
  13 kobolds
  2 quokkas
  6 ball pythons
  4 bats
  3 frilled lizards
  12 goblins
  4 rats
400 creatures vanquished.

Vanquished Creatures (collateral kills)
  An ugly thing (D:14)
  A goblin (D:2)
  A kobold (D:4)
  2 foxfires (D:7)
5 creatures vanquished.

Vanquished Creatures (others)
  520 foxfires
520 creatures vanquished.

Grand Total: 925 creatures vanquished

Notes
Turn   | Place    | Note
-------+----------+-------------------------------------------
     0 | D:1      | pokeman the Deep Elf Hedge Wizard began the quest for the
                  | Orb.
     0 | D:1      | Reached XP level 1. HP: 10/10 MP: 7/7
   166 | D:1      | Reached XP level 2. HP: 15/16 MP: 0/9
   560 | D:1      | Reached skill level 5 in Spellcasting
   740 | D:1      | Reached XP level 3. HP: 20/20 MP: 6/11
   746 | D:1      | Learned a level 3 spell: Mephitic Cloud
   749 | D:1      | Learned a level 2 spell: Call Imp
   752 | D:1      | Learned a level 2 spell: Blink
  1339 | D:2      | Reached skill level 1 in Fighting
  1339 | D:2      | Reached skill level 1 in Armour
  1980 | D:2      | Reached XP level 4. HP: 25/25 MP: 4/13
  2458 | D:3      | Noticed Jessica
  2467 | D:3      | Killed Jessica
  2993 | D:3      | Found a faded altar of an unknown god.
  3019 | D:3      | Found a shimmering blue altar of Sif Muna.
  3364 | D:4      | Found a staircase to the Ecumenical Temple.
  3367 | D:4      | Noticed a scorpion
  3370 | D:4      | Noticed a scorpion
  3374 | D:4      | Killed a scorpion
  3375 | D:4      | Reached skill level 6 in Spellcasting
  3375 | D:4      | Reached XP level 5. HP: 24/29 MP: 10/15
  3386 | D:4      | Reached skill level 1 in Alchemy
  3391 | D:4      | Reached skill level 1 in Air Magic
  3391 | D:4      | Reached skill level 1 in Evocations
  3391 | D:4      | Reached XP level 6. HP: 21/34 MP: 6/17
  3407 | Temple   | Entered the Ecumenical Temple
  3434 | Temple   | Became a worshipper of Vehumet
  3529 | D:4      | Noticed Edmund
  3541 | D:4      | Killed Edmund
  3542 | D:4      | Reached skill level 7 in Spellcasting
  3675 | D:4      | Noticed Natasha
  3678 | D:4      | Killed Natasha
  3892 | D:4      | Noticed Natasha
  3901 | D:4      | Killed Natasha
  3902 | D:4      | Reached XP level 7. HP: 35/39 MP: 17/20
  4000 | D:4      | Reached skill level 8 in Spellcasting
  4069 | D:4      | Noticed Natasha
  4083 | D:4      | Killed Natasha
  4427 | D:5      | Entered Level 5 of the Dungeon
  4427 | D:5      | Noticed Pikel
  4533 | D:4      | Killed Pikel
  4534 | D:4      | Reached skill level 9 in Spellcasting
  4534 | D:4      | Reached XP level 8. HP: 37/44 MP: 10/23
  4548 | D:5      | Reached skill level 5 in Conjurations
  4678 | D:5      | Reached skill level 10 in Spellcasting
  4799 | D:5      | Found Ceogg's Weapon Boutique.
  4820 | D:5      | Learned a level 3 spell: Hailstorm
  4875 | D:5      | Reached * piety under Vehumet
  4875 | D:5      | Offered knowledge of Foxfire by Vehumet.
  4884 | D:5      | Learned a level 1 spell: Foxfire
  5046 | D:5      | Found a sacrificial altar of Ru.
  5101 | D:5      | Noticed Sigmund
  5111 | D:5      | Killed Sigmund
  5112 | D:5      | Reached skill level 1 in Fire Magic
  5112 | D:5      | Reached skill level 1 in Ice Magic
  5819 | D:6      | Reached skill level 11 in Spellcasting
  5836 | D:6      | Reached XP level 9. HP: 49/49 MP: 18/26
  6253 | D:6      | Learned a level 5 spell: Iskenderun's Battlesphere
  6261 | D:6      | Learned a level 7 spell: Orb of Destruction
  6306 | D:6      | Noticed Prince Ribbit
  6320 | D:6      | Killed Prince Ribbit
  6962 | D:7      | Found Bauvixuc's Distillery.
  6967 | D:7      | Reached skill level 12 in Spellcasting
  7110 | D:7      | Bought a potion of heal wounds for 80 gold pieces
  7110 | D:7      | Bought 2 potions of curing for 96 gold pieces
  7260 | D:7      | Found a broken altar of Ashenzari.
  7299 | D:7      | Noticed Jeremiah
  7314 | D:7      | Offered knowledge of Scorch by Vehumet.
  7319 | D:7      | Reached ** piety under Vehumet
  7331 | D:7      | Killed Jeremiah
  7644 | D:7      | Reached XP level 10. HP: 56/56 MP: 16/28
  7645 | D:7      | Reached skill level 13 in Spellcasting
  7769 | D:7      | Found an opulent altar of Gozag.
  8138 | D:8      | Reached skill level 5 in Ice Magic
  8229 | D:8      | Found a flagged portal.
  8237 | Bailey   | Entered a bailey
  8568 | Bailey   | Found the Charlatan's Orb {orb Evoboost}
  8575 | Bailey   | Identified the +3 tower shield of Byivi {Will+ Dex+3}
  8646 | Bailey   | Noticed an orc knight
  8661 | Bailey   | Killed an orc knight
  8661 | Bailey   | Offered knowledge of Mercury Vapours by Vehumet.
  8824 | D:8      | Reached skill level 14 in Spellcasting
  8835 | D:8      | Noticed Joseph
  8846 | D:8      | Killed Joseph
  9739 | D:9      | Reached skill level 1 in Shields
 10032 | D:9      | Reached *** piety under Vehumet
 10264 | D:9      | Found Feax's Magic Scroll Emporium.
 10300 | D:9      | Reached XP level 11. HP: 61/61 MP: 22/31
 10384 | D:9      | Bought a scroll of blinking for 112 gold pieces
 10384 | D:9      | Bought a scroll of identify for 30 gold pieces
 10384 | D:9      | Bought a scroll of teleportation for 45 gold pieces
 10384 | D:9      | Bought a scroll of teleportation for 45 gold pieces
 10384 | D:9      | Bought a scroll of teleportation for 45 gold pieces
 10739 | D:10     | Entered Level 10 of the Dungeon
 10807 | D:10     | Found a shimmering altar of Xom.
 10809 | D:10     | Found a blossoming altar of Fedhas.
 10809 | D:10     | Found an ornate altar of the Wu Jian Council.
 10811 | D:10     | Found an iron altar of Okawaru.
 10840 | D:10     | Reached skill level 15 in Spellcasting
 10930 | D:10     | Offered knowledge of Dazzling Flash by Vehumet.
 11263 | D:10     | Noticed Lodul
 11278 | D:10     | Killed Lodul
 11282 | D:10     | Reached **** piety under Vehumet
 11396 | D:10     | Noticed Snorg
 11421 | D:10     | Killed Snorg
 11422 | D:10     | Reached skill level 16 in Spellcasting
 11552 | D:10     | Offered knowledge of Freezing Cloud by Vehumet.
 11553 | D:10     | Reached skill level 5 in Fighting
 11561 | D:10     | Learned a level 5 spell: Freezing Cloud
 12245 | D:10     | Reached XP level 12. HP: 68/68 MP: 21/34
 12394 | D:10     | Reached skill level 10 in Conjurations
 12442 | D:10     | Found a staircase to the Lair.
 12561 | D:11     | Noticed Sonja
 12566 | D:11     | Killed Sonja
 12567 | D:11     | Reached skill level 17 in Spellcasting
 12748 | D:11     | Found Nyucliad's Assorted Antiques.
 12753 | D:11     | Bought a scroll labelled UMOAFR KUMI for 34 gold pieces
 12753 | D:11     | Bought a scroll labelled ODDIL KONGAXKU for 34 gold pieces
 12761 | D:11     | Identified the +1 robe of Ashenzari's Reproof {Will+}
 13398 | D:12     | Noticed Kirke
 13412 | D:12     | Killed Kirke
 13502 | D:12     | Noticed Frances
 13516 | D:12     | Killed Frances
 13702 | D:12     | Reached skill level 18 in Spellcasting
 13836 | D:12     | Found a staircase to the Orcish Mines.
 13840 | D:12     | Paralysed by a deep elf pyromancer for 3 turns
 13840 | D:12     | Noticed Fannar
 13850 | D:12     | Killed Fannar
 13853 | D:12     | Noticed a boulder beetle
 13877 | D:12     | Noticed Josephine
 13987 | D:12     | Killed Josephine
 13988 | D:12     | Reached skill level 5 in Armour
 14194 | D:12     | Killed a boulder beetle
 14368 | D:12     | Reached ***** piety under Vehumet
 14368 | D:12     | Offered knowledge of Sticky Flame by Vehumet.
 14460 | D:12     | Reached skill level 10 in Ice Magic
 14599 | D:12     | Got Cidud's Handbook of Floating Sinister Magic
 14696 | D:12     | Reached skill level 19 in Spellcasting
 14696 | D:12     | Reached XP level 13. HP: 74/74 MP: 24/38
 14956 | D:13     | Found a shimmering blue altar of Sif Muna.
 16370 | D:14     | Reached skill level 20 in Spellcasting
 16699 | D:14     | Found a gate to the Vaults.
 16705 | D:14     | Noticed an ironbound preserver
 16715 | D:14     | Killed an ironbound preserver
 18740 | D:15     | Entered Level 15 of the Dungeon
 19243 | Lair:1   | Entered Level 1 of the Lair of Beasts
 19282 | Lair:1   | Noticed Amaemon
 19298 | Lair:1   | Killed Amaemon
 19304 | Lair:1   | Offered knowledge of Iskenderun's Mystic Blast by Vehumet.
 19308 | Lair:1   | Reached skill level 21 in Spellcasting
 19561 | Lair:1   | Reached XP level 14. HP: 80/80 MP: 37/41
 19733 | Lair:1   | Slain by a cane toad

Illustrated notes

Levels and vault maps discovered:
D:1:      enne_arrival_octagon_isle, layout_basic
D:2:      layout_basic
D:3:      layout_basic, nicolae_overflow_ecumenical_swirl, serial_rivers,
          chequers_serial_rivers_micro_e, chequers_serial_rivers_small_a,
          chequers_serial_rivers_marsh, chequers_serial_rivers_room_a,
          chequers_serial_rivers_small_a, chequers_serial_rivers_large_b,
          uniq_jessica
D:4:      layout_loops_ring, minmay_temple_entry_junction_2, uniq_natasha,
          uniq_edmund
D:5:      layout_basic, nicolae_ru_the_path_less_chosen, serial_shops,
          nicolae_shop_bloodbath_and_beyond, grunt_ministairs_11, uniq_sigmund,
          uniq_pikel
D:6:      nicolae_cairo_tiling, layout_loops_ring, minmay_misc_feat_iff,
          uniq_prince_ribbit1
D:7:      layout_loops_ring, ashenzari_conservatory_becter,
          mainiacjoe_overflow_six_doors_small, serial_shops, shop,
          minmay_misc_feat_more_columns, st_stairs_9, abandoned_shop,
          uniq_jeremiah
D:8:      layout_loops_ring, enter_bailey_3, uniq_joseph
D:9:      layout_grid_maze, kennysheep_windowed_goal
D:10:     layout_roguey, chequers_temple_overflow_statue_of_worship,
          erik_lair_dragon, minmay_puff, uniq_lodul, uniq_snorg
D:11:     layout_basic, serial_shops, shop, palyth_stone_intersect, uniq_sonja
D:12:     layout_roguey, erik_orc_4, hangedman_decor_clover_reticule,
          uniq_josephine, uniq_fannar, uniq_kirke, uniq_frances
D:13:     layout_basic, nicolae_sif_muna_condensation
D:14:     layout_basic, hellmonk_vaults_order_and_chaos, minmay_misc_feat_rows,
          serial_rivers, chequers_serial_rivers_marsh,
          chequers_serial_rivers_micro_a, chequers_serial_rivers_small_b,
          chequers_serial_rivers_micro_a, chequers_serial_rivers_room_b,
          chequers_serial_rivers_room_a
D:15:     gammafunk_enter_depths_forms, layout_long_grid, minmay_misc_feat_roman
Temple:   dpeg_chambers_temple
Lair:1:   layout_small_grid, beast_lair_carwin_1, grunt_megastairs_5,
          serial_bayou_shore_b, uniq_amaemon

Skill      XL: |  1  2  3  4  5  6  7  8  9 10 11 12 13 |
---------------+----------------------------------------+-----
Spellcasting   | 5 6 7 9 11 12 14 16 19 21 | 21.0
Fighting       | 1 2 3 4 5 6 |  6.0
Armour         | 1 2 3 4 5 7 |  7.2
Conjurations   | 2 3 4 6 7 8 9 10 | 10.0
Stealth        | 3 |  3.0
Dodging        | 3 |  3.1
Alchemy        | 1 |  1.2
Air Magic      | 1 |  1.2
Evocations     | 1 |  1.1
Fire Magic     | 1 |  1.0
Ice Magic      | 2 4 6 8 10 11 | 11.7
Shields        | 1 2 |  2.0
Summonings     | |  1.1
Translocations | |  1.1

Action                     |  1- 3 |  4- 6 |  7- 9 | 10-12 | 13-15 || total
---------------------------+-------+-------+-------+-------+-------++-------
  Melee: Dagger            |    27 |    37 |    95 |    46 |    22 ||   227
         Staff             |       |       |       |       |     7 ||     7
   Cast: Magic Dart        |   100 |    44 |    57 |   257 |    86 ||   544
         Mephitic Cloud    |     2 |     6 |    18 |    43 |    19 ||    88
         Call Imp          |     1 |     1 |       |     1 |     2 ||     5
         Blink             |       |       |     3 |     4 |     2 ||     9
         Foxfire           |       |       |   139 |   145 |    13 ||   297
         Iskenderun's Batt |       |       |     3 |    50 |    12 ||    65
         Orb of Destructio |       |       |       |    19 |    19 ||    38
         Freezing Cloud    |       |       |       |     4 |    24 ||    28
         Hailstorm         |       |       |       |     2 |       ||     2
  Evoke: Wand              |       |       |       |     7 |     2 ||     9
    Use: Scroll            |       |       |       |     9 |     1 ||    10
   Stab: Confused          |     1 |     6 |    10 |     4 |     4 ||    25
 Armour: Robe              |    14 |    13 |    48 |       |       ||    75
         Steam dragon scal |       |       |       |    73 |    68 ||   141
         Ring mail         |       |       |       |       |    13 ||    13
  Dodge: Dodged            |     8 |    18 |    62 |    68 |    44 ||   200

Table legend: (Time is in decaauts)
 A = Elapsed time spent in this place.
 B = Non-inter-level travel time spent in this place.
 C = Inter-level travel time spent in this place.
 D = Time resting spent in this place.
 E = Time spent auto-exploring this place.
 F = Levels seen in this place.
 G = Mean time per level.
                   A        B        C        D        E       F      G
               +--------+--------+--------+--------+--------+-----+--------+
         Total |  19846 |  18831 |   1015 |    986 |  14972 |  18 | 1102.6 |
       Dungeon |  18877 |  17892 |    985 |    949 |  14326 |  15 | 1258.5 |
        Temple |     82 |     53 |     29 |      0 |      0 |   1 |   82.0 |
          Lair |    329 |    329 |      0 |     37 |    215 |   1 |  329.0 |
        Bailey |    557 |    557 |      0 |      0 |    430 |   1 |  557.0 |
               +--------+--------+--------+--------+--------+-----+--------+

Top non-repeatable levels by time:
    D:14: 2555 daAuts
    D:10: 2069 daAuts
    D:12: 1751 daAuts
     D:3: 1342 daAuts
     D:9: 1290 daAuts
     D:5: 1247 daAuts
     D:6: 1240 daAuts
     D:7: 1187 daAuts
     D:4: 1143 daAuts
     D:2: 1068 daAuts
     D:1: 1002 daAuts
     D:8: 942 daAuts
    D:13: 939 daAuts
    D:11: 872 daAuts
  Bailey: 557 daAuts
